 Dungeon Crawl Stone Soup version 0.26-b1-32-g5d43845318 (webtiles) character file.

Game seed: 15591817803480272095

6073 MTVSty1e the Cleaver (level 10, -3/96 HPs)
             Began as a Minotaur Fighter on Jan 9, 2021.
             Was an Elder of Okawaru.
             Slain by Fannar
             ... wielding an uncursed staff of cold
              (15 damage)
             ... on level 11 of the Dungeon.
             The game lasted 00:13:09 (10642 turns).

MTVSty1e the Cleaver (Minotaur Fighter)            Turns: 10642, Time: 00:13:10

Health: -3/96      AC: 21    Str: 23    XL:     10   Next: 57%
Magic:  0/9        EV:  4    Int:  5    God:    Okawaru [****..]
Gold:   351        SH: 10    Dex: 11    Spells: 9/9 levels left

rFire    . . .     SeeInvis .   s - +2 hand axe (freeze)
rCold    . . .     Faith    .   c - +0 kite shield
rNeg     . . .     Spirit   +   C - +0 plate armour
rPois    +         Reflect  .   (helmet restricted)
rElec    .         Harm     .   p - +1 cloak
rCorr    .         Rampage  .   (no gloves)
Will     .....                  F - +2 pair of boots {Stlth+}
Stlth    ..........             j - amulet of guardian spirit
HPRegen  0.26/turn              x - ring of poison resistance
MPRegen  0.11/turn              f - +4 ring of protection

@: mighty
A: retaliatory headbutt, horns 2
a: Renounce Religion, Heroism


You were on level 11 of the Dungeon.
You worshipped Okawaru.
Okawaru was greatly pleased with you.
You visited 2 branches of the dungeon, and saw 12 of its levels.
You also visited: Sewer.

You collected 351 gold pieces.

Inventory:

Hand Weapons
 b - a cursed +4 battleaxe
 e - a +0 hand axe of flaming
 s - a +2 hand axe of freezing (weapon)
 v - the +4 hand axe of Precise Incision {protect, rN++, unknown}
   (You found it on level 10 of the Dungeon)

   It grants its wielder temporary protection when it strikes (+7 to AC).
   It greatly protects you from negative energy.
Armour
 c - a +0 kite shield (worn)
 p - a +1 cloak (worn)
 C - a +0 plate armour (worn)
 F - a +2 pair of boots of stealth (worn)
Jewellery
 f - a +4 ring of protection (right hand)
 j - an amulet of guardian spirit (around neck)
 n - an uncursed ring of willpower
 x - a ring of poison resistance (left hand)
 A - a +6 ring of dexterity
Wands
 r - a wand of paralysis (6)
 t - a wand of random effects (20)
 E - a wand of digging (4)
Scrolls
 g - 11 scrolls of teleportation
 l - 3 scrolls of fear
 m - 3 scrolls of remove curse
 q - 3 scrolls of enchant armour
 B - 2 scrolls of amnesia
Potions
 a - 2 potions of magic
 h - a potion of mutation {unknown}
 i - 5 potions of curing
 k - 5 potions of flight
 o - a potion of berserk rage {unknown}
 u - 3 potions of haste
 w - 3 potions of lignification
 z - a potion of attraction {unknown}
 D - a potion of invisibility {unknown}


   Skills:
 * Level 11.5 Fighting
 * Level 14.4 Axes
 + Level 4.7 Armour
 + Level 4.7 Shields


You had 9 spell levels left.
You didn't know any spells.
Your spell library contained the following spells:

 Spells                   Type           Power        Failure   Level
 Summon Small Mammal      Summ           0%           100%        1
 Call Imp                 Summ           0%           100%        2
 Call Canine Familiar     Summ           0%           100%        3
 Summon Guardian Golem    Hex/Summ       0%           100%        3
 Summon Ice Beast         Ice/Summ       0%           100%        4
 Summon Lightning Spire   Summ/Air       0%           100%        4


Dungeon Overview and Level Annotations

Branches:
Dungeon (11/15)            Temple (1/1) D:4           Sewer (visited)
   Lair: D:8-11         Orc: D:9-12

Altars:
Ashenzari
Cheibriados
Dithmenos
Elyvilon
Fedhas
Gozag
Hepliaklqana
Kikubaaqudgha
Makhleb
Nemelex Xobeh
Okawaru
Qazlal
Ru
Sif Muna
Trog
Uskayaw
Vehumet
Wu Jian
Xom
Yredelemnul
Zin
The Shining One

Shops:
D:6 !

Annotations:
D:5 2 transporters, p0werm0de's ghost, novice GrCK
D:8 3 runed translucent doors
D:11 Fannar


Innate Abilities, Weirdness & Mutations

You reflexively headbutt those who attack you in melee.
You have a pair of horns on your head.


Message History

Fannar hits you but does no damage. Fannar freezes you!
* * * LOW HITPOINT WARNING * * *
You miss Fannar.
Fannar is moderately wounded.
You slash Fannar! Your headbutt misses Fannar.
Fannar is heavily wounded.
Fannar mumbles some strange words.
Fannar drains the heat from the surrounding environment!
You feel very cold.
* * * LOW HITPOINT WARNING * * *
Fannar is frozen.
Fannar resists.
You closely miss Fannar.
Fannar is heavily wounded.
You block Fannar's attack.
You slash Fannar!
Fannar is severely wounded.
You completely miss Fannar. You headbutt Fannar.
Fannar is severely wounded.
Fannar hits you but does no damage. Fannar freezes you!
You die...

#####
.... ..#
#.##.####
#@e......
####.##..


You could see Fannar (icy armour).

Vanquished Creatures
  2 two-headed ogres
  A cyclops (D:10)
  A gargoyle (D:9)
  A troll (D:9)
  Sigmund (D:3)
  Grum (D:8)
  Edmund (D:4)
  A water moccasin (D:10)
  2 orc warriors
  An ice beast (D:8)
  A sky beast (D:10)
  A black bear (D:8)
  A necrophage (D:9)
  5 ogres
  3 wolves (D:7)
  4 centaurs
  A big kobold (Sewer)
  Blork the orc (D:6)
  6 bullfrogs
  2 water moccasin zombies (D:8)
  8 wights
  A howler monkey (D:4)
  2 jellies
  2 centaur skeletons
  6 orc priests
  2 hounds
  5 orc wizards
  An iguana (D:8)
  4 worker ants
  A mummy (D:8)
  7 adders
  4 river rats
  2 shadow imps
  3 white imps
  2 adder zombies
  2 adder skeletons
  4 worms
  4 dart slugs
  5 leopard geckos
  40 orcs
  4 giant cockroaches
  5 goblins
  7 hobgoblins
  2 jackals (Sewer)
  4 quokkas
  7 bats
  7 frilled lizards
  A hobgoblin zombie (D:8)
  6 kobolds
  An orc zombie (D:8)
  11 rats
197 creatures vanquished.

Vanquished Creatures (others)
  A kobold (D:2)
1 creature vanquished.

Grand Total: 198 creatures vanquished

Notes
Turn   | Place    | Note
-------+----------+-------------------------------------------
     0 | D:1      | MTVSty1e the Minotaur Fighter began the quest for the Orb.
     0 | D:1      | Reached XP level 1. HP: 19/19 MP: 0/0
   152 | D:1      | Reached skill level 3 in Axes
   157 | D:1      | Reached XP level 2. HP: 20/27 MP: 1/1
   618 | D:2      | Reached XP level 3. HP: 19/33 MP: 2/2
   780 | D:2      | Reached skill level 4 in Axes
   986 | D:2      | Reached XP level 4. HP: 41/41 MP: 3/3
  1051 | D:2      | Found a radiant altar of Vehumet.
  1553 | D:3      | Reached skill level 5 in Axes
  1571 | D:3      | Found a glowing drain.
  1579 | Sewer    | Entered a sewer
  1594 | Sewer    | Reached XP level 5. HP: 26/47 MP: 4/4
  1805 | Sewer    | Reached skill level 5 in Fighting
  1805 | Sewer    | Reached skill level 6 in Axes
  2102 | Sewer    | Found a white marble altar of Elyvilon.
  2373 | D:3      | Noticed Sigmund
  2382 | D:3      | Killed Sigmund
  2383 | D:3      | Reached skill level 7 in Axes
  2383 | D:3      | Reached XP level 6. HP: 44/57 MP: 5/5
  2492 | D:3      | Found a faded altar of an unknown god.
  2812 | D:4      | Found a staircase to the Ecumenical Temple.
  2812 | D:4      | Noticed Edmund
  2826 | D:4      | Killed Edmund
  3078 | Temple   | Entered the Ecumenical Temple
  3340 | D:4      | You fall into a shaft and drop 3 floors!
  3393 | D:7      | Reached XP level 7. HP: 61/63 MP: 6/6
  3512 | D:6      | Found Fumutal's Distillery.
  3519 | D:6      | Reached skill level 8 in Axes
  3867 | D:6      | Noticed Blork the orc
  3873 | D:6      | Reached skill level 9 in Axes
  3879 | D:6      | Reached XP level 8. HP: 26/73 MP: 4/7
  3886 | D:6      | Killed Blork the orc
  4504 | D:5      | Entered Level 5 of the Dungeon
  4535 | D:5      | Found a shadowy altar of Dithmenos.
  4611 | D:5      | Reached skill level 10 in Axes
  4987 | D:5      | Found a white marble altar of Elyvilon.
  4990 | D:5      | Found a bloodstained altar of Trog.
  4993 | D:5      | Found a hazy altar of Hepliaklqana.
  5162 | D:5      | Noticed p0werm0de's ghost (novice GrCK)
  5206 | D:5      | Found a transporter.
  5210 | D:5      | Found a transporter.
  5245 | D:5      | Found an opulent altar of Gozag.
  5334 | D:4      | Found an iron altar of Okawaru.
  5342 | D:4      | Became a worshipper of Warmaster Okawaru
  5801 | D:7      | Reached skill level 11 in Axes
  6742 | D:8      | Noticed Grum
  6748 | D:8      | Noticed a two-headed ogre
  6760 | D:7      | Reached XP level 9. HP: 37/83 MP: 1/8
  7367 | D:8      | Killed a two-headed ogre
  7367 | D:8      | Reached * piety under Okawaru
  7368 | D:8      | Reached skill level 12 in Axes
  7474 | D:8      | Killed Grum
  7475 | D:8      | Reached skill level 10 in Fighting
  7595 | D:8      | Reached skill level 13 in Axes
  7752 | D:8      | Reached ** piety under Okawaru
  8295 | D:8      | Found a runed translucent gate.
  8296 | D:8      | Found a runed translucent gate.
  8297 | D:8      | Found a runed translucent gate.
  8297 | D:8      | Noticed a cyan very ugly thing
  8297 | D:8      | Noticed a brown ugly thing
  8297 | D:8      | Noticed a white ugly thing
  8297 | D:8      | Noticed a cyan ugly thing
  8298 | D:8      | Noticed a purple ugly thing
  8740 | D:9      | Found a hide-covered altar of Uskayaw.
  8741 | D:9      | Noticed a two-headed ogre
  8753 | D:9      | Killed a two-headed ogre
  8753 | D:9      | Reached *** piety under Okawaru
  8754 | D:9      | Reached XP level 10. HP: 37/94 MP: 4/9
  8992 | D:9      | Found the +8 demon trident "Rift" {distort, reach+}
  9218 | D:9      | Noticed a gargoyle
  9226 | D:9      | Killed a gargoyle
  9227 | D:9      | Reached skill level 14 in Axes
  9405 | D:9      | Reached **** piety under Okawaru
  9883 | D:10     | Entered Level 10 of the Dungeon
  9944 | D:10     | Got a scorched hand axe
  9987 | D:10     | Noticed a cyclops
 10159 | D:10     | Killed a cyclops
 10330 | D:10     | Noticed Fannar
 10642 | D:11     | Slain by Fannar

Illustrated notes

Levels and vault maps discovered:
D:1:      amcnicky_arrival_single_pillar, layout_rooms,
          chequers_serial_rivers_micro_d
D:2:      wander_river, layout_basic, fiery_altar_vehumet
D:3:      layout_loops_corners, chequers_ecumenical_altar_simple_redux,
          gup_sewer_entry_bubbles, uniq_sigmund
D:4:      layout_loops_cross, okawaru_ov_weapons_minmay,
          minmay_temple_entry_ruins, uniq_edmund
D:5:      layout_loops_cross, grunt_temple_overflow_diamond,
          gammafunk_ghost_hive, basic_altar, grunt_dithmenos_smoke_and_mirrors
D:6:      layout_basic, serial_shops, shop, uniq_blork_the_orc
D:7:      layout_layer_cave
D:8:      layout_layer_cave, nicolae_ossuary_entry_giza,
          ploomutoo_gammafunk_ghost_potion_laboratory, minmay_crossroads,
          uniq_grum
D:9:      layout_long_grid, old_standard_altar
D:10:     layout_roguey, david_orc_2, uniq_fannar
D:11:     layout_loops_corners, lair_entry_dummy, serial_shops, shop,
          trove_entry_hex_spiral, maelrawn_ghost_gauntlet_escape,
          minmay_misc_feat_pillars
Temple:   lightli_temple_of_artemis

Skill      XL: |  1  2  3  4  5  6  7  8  9 10 |
---------------+-------------------------------+-----
Axes           | 3 4 5 7 9 11 13 14 | 14.4
Fighting       | 4 5 6 7 9 10 11 | 11.5
Armour         | 4 |  4.7
Shields        | 4 |  4.7

Action                   |  1- 3 |  4- 6 |  7- 9 | 10-12 || total
-------------------------+-------+-------+-------+-------++-------
Melee: War axe           |    75 |    81 |       |       ||   156
       Headbutt          |    13 |    11 |    73 |    43 ||   140
       Hand axe          |       |    35 |   275 |   165 ||   475
  Use: Scroll            |       |     8 |     6 |     3 ||    17
       Potion            |       |       |     4 |     2 ||     6
Armor: Scale mail        |    29 |    32 |    34 |       ||    95
       Plate armour      |       |       |    98 |    63 ||   161
Dodge: Dodged            |    31 |    32 |    42 |    17 ||   122
Block: Kite shield       |    36 |    41 |   113 |    55 ||   245
